 Dungeon Crawl Stone Soup version 0.29.1 (webtiles) character file.

Game seed: 14562535451231970457

9 ILmort the Trooper (level 2, 16/24 HPs)
             Began as a Demonspawn Fighter on Sept 14, 2022.
             Quit the game on level 1 of the Dungeon.
             The game lasted 00:00:44 (428 turns).

ILmort the Trooper (Demonspawn Fighter)              Turns: 428, Time: 00:00:44

Health: 16/24      AC:  6    Str: 16    XL:     2   Next: 3%
Magic:  2/2        EV:  8    Int:  9    God:
Gold:   29         SH:  4    Dex: 12    Spells: 1/1 levels left

rFire   . . .      SeeInvis .   a - +0 rapier
rCold   . . .      Faith    .   c - +0 buckler
rNeg    . . .      Spirit   .   b - +0 scale mail
rPois   .          Reflect  .   (no helmet)
rElec   .          Harm     .   (no cloak)
rCorr   .          Rampage  .   (no gloves)
Will    .....                   (no boots)
Stlth   ..........              (no amulet)
HPRegen 0.08/turn               (no ring)
MPRegen 0.08/turn               (no ring)

@: no status effects
A: powered by pain 1
a: no special abilities


You were on level 1 of the Dungeon.
You visited 1 branch of the dungeon, and saw 1 of its levels.

You collected 29 gold pieces.

Inventory:

Hand Weapons
 a - a +0 rapier (weapon)
Armour
 b - a +0 scale mail (worn)
 c - a +0 buckler (worn)
Scrolls
 e - a scroll of enchant armour {unknown}
 f - 2 scrolls of vulnerability {unknown}
Potions
 d - a potion of might


   Skills:
 + Level 3.1 Fighting
 * Level 2.2 Short Blades
 - Level 2.6 Armour
 + Level 2.8 Shields


You had one spell level left.
You didn't know any spells.
Your spell library was empty.

Dungeon Overview and Level Annotations

Branches:
Dungeon (1/15)

Altars:


Innate Abilities, Weirdness & Mutations

You sometimes gain a little power by taking damage.


Message History

* * * LOW HITPOINT WARNING * * *
You hit the giant cockroach but do no damage.
The giant cockroach barely misses you.
You hit the giant cockroach.
You kill the giant cockroach!
You closely miss the rat. The rat bites you but does no damage.
You closely miss the rat. The rat bites you but does no damage.
You hit the rat. The rat bites you but does no damage.
You barely miss the rat. The rat bites you but does no damage.
The rat barely misses you.
You hit the rat.
You kill the rat!
Items here: ( ) ††.
Found a stone staircase leading down.
There is a stone staircase leading down here.
f - 2 scrolls labelled XEEDGH ALLUIMYS A quokka comes into view.
You barely miss the quokka.
The quokka bites you but does no damage.
You miss the quokka.
The quokka bites you but does no damage. x2
You barely miss the quokka. The quokka bites you.
You hit the quokka. The quokka bites you. The quokka completely misses you.
You are too injured to fight recklessly!
You are too injured to fight recklessly!
You are too injured to fight recklessly!
You are too injured to fight recklessly!
You are too injured to fight recklessly!
You are too injured to fight recklessly!
You are too injured to fight recklessly!
You are too injured to fight recklessly!
A quokka is nearby!
You hit the quokka but do no damage. You block the quokka's attack.
You hit the quokka but do no damage. You block the quokka's attack.
You barely miss the quokka. The quokka barely misses you. The quokka bites you.
You hit the quokka.
You kill the quokka!
You have reached level 2!
Your demonic ancestry asserts itself...
You feel energised by your suffering.

### ##.## #######
##.#.####.....#
####.###.....###.#
#.....#.###### #.#
#.####.## #.. #.#
### ### #@# #
#...†.# # #.#####
# # # #### #...
#.## #.##


There were no monsters in sight!

Vanquished Creatures
  An endoplasm (D:1)
  A giant cockroach (D:1)
  2 hobgoblins (D:1)
  A kobold (D:1)
  A quokka (D:1)
  A rat (D:1)
7 creatures vanquished.

Notes
Turn   | Place    | Note
-------+----------+-------------------------------------------
     0 | D:1      | ILmort the Demonspawn Fighter began the quest for the Orb.
     0 | D:1      | Reached XP level 1. HP: 18/18 MP: 1/1
   428 | D:1      | Gained mutation: You sometimes gain a little power by
                  | taking damage. [demonic ancestry]
   428 | D:1      | Reached XP level 2. HP: 16/24 MP: 2/2
   428 | D:1      | Quit the game

Illustrated notes

Levels and vault maps discovered:
D:1:      minmay_arrival_five_plusses, layout_loops_cross, minmay_distorted

Skill      XL: |  1 |
---------------+----+-----
Short Blades   | 2 |  2.2
Fighting       | |  3.1
Armour         | |  2.6
Shields        | |  2.8

Action                   || total
-------------------------++-------
Melee: Rapier            ||    38
Armor: Scale mail        ||    11
Dodge: Dodged            ||    12
Block: Buckler           ||     9
